 Dungeon Crawl Stone Soup version 0.27-a0-1502-g47ed6a6988 (webtiles) character file.

Game seed: 9991539387606332070

2499 kae the Cleaver (level 9, -2/84 HPs)
             Began as a Hill Orc Fighter on July 8, 2021.
             Succumbed to an emperor scorpion's poison
             ... on level 7 of the Dungeon.
             The game lasted 00:04:47 (8489 turns).

kae the Cleaver (Hill Orc Fighter)                  Turns: 8489, Time: 00:04:47

Health: -2/84      AC: 16    Str: 22    XL:     9   Next: 53%
Magic:  1/9        EV:  4    Int:  8    God:
Gold:   1441       SH:  9    Dex: 10    Spells: 8/8 levels left

rFire    + . .     SeeInvis .   a - +0 war axe (vorpal)
rCold    . . .     Faith    .   c - +0 kite shield
rNeg     . . .     Spirit   +   k - +3 plate armour {rPois}
rPois    +         Reflect  .   p - +0 helmet
rElec    .         Harm     .   (no cloak)
rCorr    .         Rampage  .   (no gloves)
Will     .....                  g - +0 pair of boots
Stlth    ..........             j - amulet of guardian spirit
HPRegen  0.24/turn              r - ring of protection from fire
MPRegen  0.11/turn              (no ring)

@: mighty, lethally poisoned (-2 -> -19), very slightly contaminated, invisible
A: no striking features
a: no special abilities


You were on level 7 of the Dungeon.
You visited 1 branch of the dungeon, and saw 8 of its levels.
You also visited: Sewer.

You collected 1441 gold pieces.

Inventory:

Hand Weapons
 a - a +0 vorpal war axe (weapon)
Missiles
 y - a curare-tipped dart (quivered)
Armour
 c - a +0 kite shield (worn)
 g - a +0 pair of boots (worn)
 k - a +3 plate armour of poison resistance (worn)
 p - a +0 helmet (worn)
Jewellery
 j - an amulet of guardian spirit (around neck)
 m - an amulet of reflection
 r - a ring of protection from fire (left hand)
 t - a ring of positive energy
 x - a ring of ice
Wands
 i - a wand of paralysis (10)
 w - a wand of polymorph (3)
Scrolls
 b - a scroll of teleportation
 o - 2 scrolls of amnesia
 s - a scroll of enchant armour
Potions
 e - a potion of degeneration
 f - 3 potions of haste
 h - a potion of magic
 l - a potion of heal wounds
 n - a potion of brilliance
 q - 4 potions of attraction
 v - 4 potions of curing


   Skills:
 + Level 9.4 Fighting
 * Level 13.1 Axes
 - Level 3.2 Armour
 - Level 3.2 Shields


You had 8 spell levels left.
You didn't know any spells.
Your spell library contained the following spells:

 Spells                   Type           Power      Damage    Failure   Level
 Sting                    Tmut/Pois      0%         1d3       100%        1
 Poisonous Vapours        Pois/Air       0%         N/A       100%        2
 Gell's Gravitas          Tloc           0%         N/A       100%        3
 Lesser Beckoning         Tloc           0%         N/A       100%        3
 Ozocubu's Armour         Ice            0%         N/A       100%        3
 Teleport Other           Tloc           0%         N/A       100%        3
 Animate Armour           Summ/Erth      0%         N/A       100%        4
 Olgreb's Toxic Radiance  Pois           0%         N/A       100%        4
 Blade Hands              Tmut           0%         N/A       100%        5
 Iskenderun's Battlesphe  Conj           0%         2d6       100%        5
 Iron Shot                Conj/Erth      0%         9d1       100%        6
 Ozocubu's Refrigeration  Ice            0%         4d5       100%        7
 Spellforged Servitor     Conj/Summ      0%         N/A       100%        7


Dungeon Overview and Level Annotations

Branches:
Dungeon (8/15)             Temple (0/1) D:4           Sewer (visited)
   Lair: D:8-11

Altars:
Ashenzari
Dithmenos
Fedhas
Gozag
Makhleb
Xom
Yredelemnul


Message History

You slice the emperor scorpion!!
The emperor scorpion is moderately wounded.
The emperor scorpion stings you.
The emperor scorpion claws you but does no damage.
The emperor scorpion claws you! The emperor scorpion barely misses you.
The emperor scorpion claws you. The emperor scorpion barely misses you.
You are too injured to fight recklessly!
You are too injured to fight recklessly!
You are too injured to fight recklessly!
You are too injured to fight recklessly!
You slice the emperor scorpion!!
The emperor scorpion is heavily wounded.
The emperor scorpion stings you! The emperor scorpion claws you.
The emperor scorpion claws you but does no damage.
You strike the helpless emperor scorpion from behind!
You hit the emperor scorpion but do no damage.
The emperor scorpion is moderately wounded.
The emperor scorpion stings you!
* * * LOW HITPOINT WARNING * * *
You are lethally poisoned!
The emperor scorpion poisons you!
You block the emperor scorpion's attack. x2
You slash the emperor scorpion!
The emperor scorpion is heavily wounded.
* * * LOW HITPOINT WARNING * * *
You feel extremely sick.
The emperor scorpion stings you but does no damage.
The emperor scorpion claws you but does no damage.
The emperor scorpion completely misses you.
You miss the emperor scorpion.
The emperor scorpion is heavily wounded.
* * * LOW HITPOINT WARNING * * *
You feel very sick.
The emperor scorpion stings you but does no damage.
The emperor scorpion claws you.
* * * LOW HITPOINT WARNING * * *
The emperor scorpion claws you but does no damage.
You slice the emperor scorpion!!
The emperor scorpion is severely wounded.
You die...

#.........).....## #.##
......⌠..........# #..#
...........##...########.####
..........###...###.........#
......_...........>.###.###.###
.####...####.#...#..##...##...#
.# ##### ##.##..#..#.....#...###
.####### #......#..............#
.......# ##.##.@s..#.....#......
....##.## #.##.....##...##.#.#.(
...###..# #.##.....#######.#....
..###...####.##..................
####....)....####..##..###.......
#.....#.#### #..###.#.........
#.....#.# )...............
####...##.# #..##.#.........
..###..)#.########).##...........


You could see an emperor scorpion.

Vanquished Creatures
  Sigmund (D:6)
  Edmund (D:5)
  Duvessa (D:6)
  A water moccasin (D:6)
  Purgy (Sewer)
  A sky beast (D:5)
  An ogre (D:7)
  A necrophage (D:6)
  3 centaurs
  4 kobold brigands (D:7)
  Blork the orc (D:5)
  A gnoll sergeant (D:7)
  2 scorpions
  Dowan (D:6)
  A howler monkey (D:6)
  A bullfrog zombie (D:6)
  A centaur zombie (D:6)
  4 orc priests
  A bullfrog skeleton (D:5)
  A hound (D:7)
  A centaur skeleton (D:6)
  Terence (D:2)
  3 iguanas
  5 orc wizards
  A killer bee zombie (D:6)
  A hound skeleton (D:5)
  3 gnolls (D:7)
  A river rat (D:6)
  3 adders
  A shadow imp (D:6)
  A white imp (D:5)
  10 worms
  A dart slug (D:3)
  13 orcs
  9 ball pythons
  7 endoplasms
  6 giant cockroaches
  5 goblins
  9 hobgoblins
  20 jackals
  32 kobolds
  2 quokkas
  4 bats
  2 frilled lizards
  4 rats
174 creatures vanquished.

Vanquished Creatures (others)
  A plant (D:1)
1 creature vanquished.

Grand Total: 175 creatures vanquished

Notes
Turn   | Place    | Note
-------+----------+-------------------------------------------
     0 | D:1      | kae the Hill Orc Fighter began the quest for the Orb.
     0 | D:1      | Reached XP level 1. HP: 19/19 MP: 1/1
    22 | D:1      | Reached skill level 3 in Axes
   129 | D:1      | Reached XP level 2. HP: 16/27 MP: 2/2
   533 | D:1      | Reached skill level 4 in Axes
   537 | D:1      | Reached XP level 3. HP: 29/33 MP: 3/3
  1026 | D:1      | Found a faded altar of an unknown god.
  1415 | D:2      | Found a shimmering altar of Xom.
  1638 | D:2      | Noticed Terence
  1654 | D:2      | Killed Terence
  1655 | D:2      | Reached skill level 5 in Axes
  1655 | D:2      | Reached XP level 4. HP: 31/41 MP: 1/4
  2438 | D:3      | Found a basalt altar of Yredelemnul.
  3139 | D:4      | Reached XP level 5. HP: 47/47 MP: 5/5
  3266 | D:4      | Found a staircase to the Ecumenical Temple.
  3354 | D:4      | Reached skill level 5 in Fighting
  3354 | D:4      | Reached skill level 6 in Axes
  3771 | D:4      | Identified a scroll of acquirement
  3771 | D:4      | Acquired 1125 gold pieces
  3789 | D:5      | Entered Level 5 of the Dungeon
  4018 | D:5      | Reached XP level 6. HP: 24/56 MP: 2/6
  4020 | D:5      | Reached skill level 7 in Axes
  4291 | D:5      | Found a shadowy altar of Dithmenos.
  4684 | D:5      | Found a broken altar of Ashenzari.
  4686 | D:5      | Noticed a sky beast
  4709 | D:5      | Killed a sky beast
  4710 | D:5      | Reached skill level 8 in Axes
  4710 | D:5      | Reached XP level 7. HP: 51/63 MP: 5/7
  4768 | D:5      | Noticed Blork the orc
  4784 | D:5      | Killed Blork the orc
  5450 | D:5      | Noticed Edmund
  5474 | D:5      | Killed Edmund
  5475 | D:5      | Reached skill level 9 in Axes
  5838 | D:6      | Noticed Duvessa
  5841 | D:6      | Noticed Dowan
  5851 | D:6      | Killed Duvessa
  5852 | D:6      | Reached XP level 8. HP: 48/73 MP: 8/8
  5855 | D:6      | Killed Dowan
  5856 | D:6      | Reached skill level 10 in Axes
  5914 | D:6      | Noticed Sigmund
  6040 | D:6      | Found a glowing drain.
  6050 | Sewer    | Entered a sewer
  6212 | Sewer    | Noticed Purgy
  6224 | Sewer    | Killed Purgy
  6726 | D:6      | Killed Sigmund
  6727 | D:6      | Reached skill level 11 in Axes
  6862 | D:6      | Found an opulent altar of Gozag.
  7107 | D:7      | Reached XP level 9. HP: 78/82 MP: 7/9
  7118 | D:7      | Reached skill level 12 in Axes
  7292 | D:7      | Found a blossoming altar of Fedhas.
  7292 | D:7      | Found a burning altar of Makhleb.
  7864 | D:7      | Noticed a seven-headed hydra
  8091 | D:7      | Reached skill level 13 in Axes
  8478 | D:7      | Noticed an emperor scorpion
  8478 | D:7      | a seven-headed hydra changed into an emperor scorpion
  8488 | D:7      | HP: 4/84 [poisoned by an emperor scorpion]
  8489 | D:7      | Succumbed to an emperor scorpion's poison

Illustrated notes

Levels and vault maps discovered:
D:1:      lightli_arrival_chessboard, layout_loops_corners,
          shapermc_ecumenical_altar_hornbeckon
D:2:      layout_loops_ring, basic_altar, chequers_serial_rivers_micro_a,
          uniq_terence
D:3:      layout_basic, lemuel_crystal_altar
D:4:      layout_cave_pools, minmay_temple_entry_statues_fountains
D:5:      layout_basic, evilmike_ruin_ashenzari, nicolae_dithmenos_the_darkroom,
          uniq_edmund, uniq_blork_the_orc
D:6:      layout_loops_ring, grunt_gozag_statues, lightli_sewer_entry_pipes,
          uniq_sigmund, uniq_duvessa
D:7:      layout_basic, grunt_temple_overflow_open, minmay_misc_feat_enclosed,
          corner_web_ring, serial_bayou_pond_a, minivault_19
D:8:      layout_gridville, lair_entry_dummy, uniq_maggie, uniq_psyche,
          uniq_maurice, uniq_harold

Skill      XL: |  1  2  3  4  5  6  7  8  9 |
---------------+----------------------------+-----
Axes           | 3 4 5 6 8 9 11 13 | 13.1
Fighting       | 4 5 6 7 8 9 |  9.4
Armour         | |  3.2
Shields        | |  3.2

Action                   |  1- 3 |  4- 6 |  7- 9 || total
-------------------------+-------+-------+-------++-------
Melee: War axe           |   124 |   176 |   303 ||   603
Evoke: Wand              |       |       |     1 ||     1
  Use: Scroll            |     4 |     7 |     8 ||    19
       Potion            |       |       |     2 ||     2
 Stab: Invisible         |       |       |     1 ||     1
Armor: Scale mail        |    54 |     6 |       ||    60
       Plate armour      |       |   162 |   195 ||   357
Dodge: Dodged            |    43 |    25 |    50 ||   118
Block: Kite shield       |    83 |    95 |   136 ||   314

Table legend: (Time is in decaauts)
 A = Elapsed time spent in this place.
 B = Non-inter-level travel time spent in this place.
 C = Inter-level travel time spent in this place.
 D = Time resting spent in this place.
 E = Time spent auto-exploring this place.
 F = Levels seen in this place.
 G = Mean time per level.
                   A        B        C        D        E       F      G
               +--------+--------+--------+--------+--------+-----+--------+
         Total |   8753 |   8460 |    293 |   1218 |   5788 |   9 |  972.6 |
       Dungeon |   8448 |   8155 |    293 |   1108 |   5644 |   8 | 1056.0 |
         Sewer |    305 |    305 |      0 |    110 |    144 |   1 |  305.0 |
               +--------+--------+--------+--------+--------+-----+--------+

Top non-repeatable levels by time:
     D:5: 2132 daAuts
     D:1: 1321 daAuts
     D:7: 1284 daAuts
     D:6: 1118 daAuts
     D:3: 1006 daAuts
     D:2: 906 daAuts
     D:4: 676 daAuts
   Sewer: 305 daAuts
     D:8: 1 daAuts
